 Dungeon Crawl Stone Soup version 0.29.1-15-g9cfb28693d (webtiles) character file.

Game seed: 6594824186845289802

666 eaglefire the Chopper (level 7, -1/61 HPs)
             Began as a Minotaur Berserker on Apr 14, 2023.
             Was a Priest of Trog.
             Killed from afar by a steam dragon (25 damage)
             ... with a ball of steam
             ... on level 6 of the Dungeon on Apr 16, 2023.
             The game lasted 00:32:41 (7587 turns).

eaglefire the Chopper (Minotaur Berserker)          Turns: 7587, Time: 00:32:42

Health: -1/61      AC: 17    Str: 23    XL:     7   Next: 31%
Magic:  6/6        EV:  5    Int:  4    God:    Trog [***...]
Gold:   232        SH:  9    Dex: 10    Spells: 6/6 levels left

rFire   . . .      SeeInvis .   a - +1 hand axe
rCold   . . .      Faith    .   v - +2 kite shield
rNeg    . . .      Spirit   .   k - +0 plate armour
rPois   .          Reflect  .   (helmet restricted)
rElec   .          Harm     .   o - +0 cloak
rCorr   .          Rampage  .   s - +1 pair of gloves
Will    +....                   h - +0 pair of boots
Stlth   ..........              l - amulet of magic regeneration
HPRegen 0.20/turn               f - ring of wizardry
MPRegen 0.50/turn               t - ring of willpower

@: studying Long Blades
A: horns 2, retaliatory headbutt
a: Renounce Religion, Berserk, Trog's Hand


You were on level 6 of the Dungeon.
You worshipped Trog.
Trog was most pleased with you.
You visited 2 branches of the dungeon, and saw 7 of its levels.

You collected 232 gold pieces.

Inventory:

Hand Weapons
 a - a +1 hand axe (weapon)
 n - a +3 quarterstaff of chaos
 p - a +0 hammer
Missiles
 d - 2 datura-tipped darts (quivered)
 u - 9 poisoned darts
 z - a throwing net
Armour
 h - a +0 pair of boots (worn)
 k - a +0 plate armour (worn)
 o - a +0 cloak (worn)
 s - a +1 pair of gloves (worn)
 v - a +2 kite shield (worn)
 A - a +0 helmet
Jewellery
 f - a ring of wizardry (left hand)
 l - an amulet of magic regeneration (around neck)
 t - a ring of willpower (right hand)
Scrolls
 e - a scroll of immolation
 g - 3 scrolls of identify
 j - 2 scrolls of butterflies
 r - 4 scrolls of teleportation
 y - a scroll of magic mapping
 B - a scroll of blinking
Potions
 b - 2 potions of might
 c - a potion of curing
 i - a potion of invisibility {unknown}
 m - 3 potions of ambrosia {unknown}
 q - a potion of haste {unknown}
 w - a potion of brilliance {unknown}
 x - a potion of heal wounds


   Skills:
 + Level 5.2 Fighting
 + Level 6.9 Axes
 * Level 0.7 Throwing
 + Level 6.0 Armour
 + Level 2.6 Dodging
 + Level 0.1 Stealth
 + Level 2.1 Shields


You had 6 spell levels left.
You didn't know any spells.
Your spell library contained the following spells:

 Spells                   Type           Power      Damage    Failure   Level
 Beastly Appendage        Tmut           0%         N/A       100%        1
 Wereblood                Tmut           0%         N/A       100%        2
 Gell's Gravitas          Tloc           0%         N/A       100%        3
 Lesser Beckoning         Tloc           0%         N/A       100%        3
 Spider Form              Tmut/Pois      0%         N/A       100%        3
 Teleport Other           Tloc           0%         N/A       100%        3


Dungeon Overview and Level Annotations

Branches:
Dungeon (6/15)             Temple (1/1) D:4

Altars:
Ashenzari
Dithmenos
Elyvilon
Gozag
Kikubaaqudgha
Qazlal
Sif Muna
Uskayaw
Wu Jian
Xom
Yredelemnul
Zin
The Shining One

Shops:
D:5 *


Innate Abilities, Weirdness & Mutations

You have a pair of horns on your head.
You reflexively headbutt those who attack you in melee.


Message History

There is an open door here.
There is a stone staircase leading down here.
There is a stone staircase leading down here.
You can't go up here!
You climb downwards.
You hear the hiss of flowing sand.
There is an entrance to an ossuary on this level.
Hurry and find it before the portal is buried!
The steam dragon hisses angrily.
Found 45 gold pieces, a glowing helmet, 5 poisoned darts and a brown potion.
Found a stone staircase leading up.
There is a stone staircase leading up here.
The electric eel shoots out a bolt of lightning at you!
The bolt of electricity hits you!
You see here 15 gold pieces.
The dart slug launches a dart at you.
The slug dart hits you but does no damage.
The dart slug launches a dart at you.
The slug dart hits you but does no damage.
An electric eel comes into view.
There is a stone staircase leading up here.
A dart slug comes into view.
The dart slug launches a dart at you. You block the slug dart.
The dart slug launches a dart at you.
The slug dart hits you but does no damage.
The electric eel shoots out a bolt of lightning at you!
The bolt of electricity hits you!
The electric eel shoots out a bolt of lightning at you!
The bolt of electricity hits you.
You see here 15 gold pieces.
The dart slug briefly extends its eye-stalks.
The electric eel shoots out a bolt of lightning at you!
The bolt of electricity hits you.
There is a stone staircase leading up here.
You can't go down here!
The dart slug launches a dart at you. You block the slug dart.
The steam dragon breathes steam at you. The ball of steam hits you!!
You die...

##.≈~#~≈~#.# # #
≈w≈~≈≈≈≈w≈~ ..#~
≈≈~~~≈#≈≈
#w≈##≈≈~~~≈≈ ≈
..≈≈≈~≈≈≈≈~# ≈≈≈
#~≈≈≈!~≈~~~#≈~#
#~~~(#~≈...~♣..~
.w≈~$..@DW...$[~
.~~~..~~...~≈.≈~
#~≈~w~#~~~~≈~~w≈
##≈~≈≈≈≈~≈≈~≈≈≈~
#.~≈≈≈≈~≈≈S≈≈≈≈
..#≈#≈≈≈~~≈≈≈≈≈#
. ##≈~w≈#~~≈≈w~#
##.≈≈≈~≈S#...


You could see a steam dragon (catching breath), a phantom, 2 electric eels and 8
dart slugs.

Vanquished Creatures
  Duvessa (D:5)
  An ogre (D:5)
  Dowan (D:5)
  Crazy Yiuf (D:2)
  A gnoll bouda (D:4)
  3 iguanas
  An orc wizard (D:5)
  11 gnolls
  9 adders
  3 worms
  2 dart slugs
  5 orcs (D:5)
  2 endoplasms
  4 giant cockroaches
  5 hobgoblins
  3 jackals (D:1)
  3 quokkas
  8 ball pythons
  5 bats
  3 frilled lizards
  7 goblins
  7 kobolds
  7 rats
93 creatures vanquished.

Vanquished Creatures (others)
  A white imp (D:5)
1 creature vanquished.

Grand Total: 94 creatures vanquished

Notes
Turn   | Place    | Note
-------+----------+-------------------------------------------
     0 | D:1      | eaglefire the Minotaur Berserker began the quest for the
                  | Orb.
     0 | D:1      | Reached XP level 1. HP: 19/19 MP: 0/0
   151 | D:1      | Reached XP level 2. HP: 15/27 MP: 1/1
   582 | D:1      | Found a faded altar of an unknown god.
  3322 | D:2      | Reached XP level 3. HP: 31/33 MP: 2/2
  3745 | D:2      | Reached ** piety under Trog
  4000 | D:2      | Found a runed translucent door.
  4001 | D:2      | Noticed Crazy Yiuf
  4010 | D:2      | Killed Crazy Yiuf
  4011 | D:2      | Reached XP level 4. HP: 19/41 MP: 3/3
  4923 | D:3      | Identified the +2 leather armour "Ojuy" {rF+ rCorr SInv}
  4944 | D:3      | Found a stormy altar of Qazlal.
  5231 | D:3      | Reached XP level 5. HP: 36/47 MP: 4/4
  5481 | D:3      | Found an opulent altar of Gozag.
  5784 | D:4      | Reached skill level 5 in Axes
  5870 | D:4      | Identified the +1 robe of Equ Uno {MP+9 Str-4 Dex+4}
  5991 | D:4      | Reached skill level 5 in Fighting
  5997 | D:4      | Reached XP level 6. HP: 23/56 MP: 5/5
  6313 | D:4      | Found a staircase to the Ecumenical Temple.
  6325 | Temple   | Entered the Ecumenical Temple
  7091 | D:5      | Entered Level 5 of the Dungeon
  7105 | D:5      | Found Higalabo's General Store.
  7148 | D:5      | Reached skill level 5 in Armour
  7222 | D:5      | Reached skill level 1 in Shields
  7283 | D:5      | Reached *** piety under Trog
  7320 | D:5      | Noticed Duvessa
  7320 | D:5      | Noticed Dowan
  7337 | D:5      | Killed Duvessa
  7338 | D:5      | Reached XP level 7. HP: 42/59 MP: 6/6
  7349 | D:5      | Killed Dowan
  7582 | D:6      | Noticed a steam dragon
  7587 | D:6      | Killed from afar by a steam dragon

Illustrated notes

Levels and vault maps discovered:
D:1:      shiori_arrival_elements, layout_basic,
          hellmonk_ecumenical_altar_dog_temple
D:2:      layout_rooms, uniq_crazy_yiuf_cottage
D:3:      layout_basic, mainiacjoe_overflow_six_doors_small,
          overflow_temple_1_default, st_stairs_9, nrook_campfire
D:4:      nicolae_BIG_FREAKIN_CUBE, layout_basic, minmay_temple_entry_mini_moons
D:5:      layout_gridville, lemuel_doored_altar, serial_shops, shop,
          minmay_manual_mail, uniq_duvessa
D:6:      kennysheep_slugbush, layout_basic, mainiacjoe_overflow_alcove_2,
          enter_ossuary_2, minmay_unpleasant_kobolds
Temple:   minmay_temple_curvy_branch

Skill      XL: |  1  2  3  4  5  6  7 |
---------------+----------------------+-----
Axes           | 4 5 6 |  6.9
Fighting       | 4 5 |  5.2
Armour         | 3 4 5 6 |  6.0
Shields        | 1 2 |  2.1
Throwing       | |  0.7
Dodging        | |  2.6
Stealth        | |  0.1

Action                   |  1- 3 |  4- 6 |  7- 9 || total
-------------------------+-------+-------+-------++-------
Melee: Hand axe          |    66 |   160 |    11 ||   237
       Headbutt          |    14 |    18 |     2 ||    34
       Punch             |     1 |       |       ||     1
Throw: Dart              |       |     1 |       ||     1
Invok: Berserk           |     1 |     2 |       ||     3
  Use: Scroll            |     7 |     1 |     1 ||     9
       Potion            |       |     2 |       ||     2
Armor: Animal skin       |     2 |       |       ||     2
       Leather armour    |    15 |       |       ||    15
       Plate armour      |    24 |   112 |    11 ||   147
Dodge: Dodged            |    47 |    42 |     1 ||    90
Block: Kite shield       |       |    59 |     6 ||    65
